 Dungeon Crawl Stone Soup version 0.21-a0-513-gdcb3f5e (webtiles) character file.

1344 nono the Zephyrmancer (level 8, -9/44 HPs)
             Began as a Tengu Air Elementalist on Dec 2, 2017.
             Mangled by an ogre
             ... wielding a cursed +0 giant spiked club
              (24 damage)
             ... on level 6 of the Dungeon.
             The game lasted 00:23:19 (6245 turns).

nono the Zephyrmancer (Tengu Air Elementalist)      Turns: 6245, Time: 00:23:20

Health: -9/44      AC:  2    Str:  9    XL:     8   Next: 62%
Magic:  6/13       EV: 12    Int: 18    God:
Gold:   191        SH:  0    Dex: 14    Spells: 5/13 levels left

rFire    . . .     SeeInvis .   k - +2 dagger (speed)
rCold    . . .     Gourm    .   (no shield)
rNeg     . . .     Faith    .   a - +0 robe
rPois    .         Spirit   .   (helmet restricted)
rElec    .         Reflect  .   (no cloak)
rCorr    .         Harm     .   (no gloves)
MR       .....                  (boots unavailable)
Stlth    ++........             (no amulet)
HPRegen  0.14/turn              (no ring)
MPRegen  0.13/turn              (no ring)

@: drained
A: beak, talons 3, able to fly 1
a: Fly


You were on level 6 of the Dungeon.
You were very hungry.

You visited 2 branches of the dungeon, and saw 7 of its levels.

You collected 191 gold pieces.

Inventory:

Hand Weapons
 d - a +0 club
 e - a +0 dagger
 k - a +2 dagger of speed (weapon)
 G - a +2 dagger of speed
Missiles
 v - 7 javelins (quivered)
 F - 5 tomahawks
Armour
 a - a +0 robe (worn)
 r - a +0 leather armour
Jewellery
 n - an uncursed ring of ice
Wands
 j - a wand of paralysis (13)
 t - a wand of flame (19)
 J - a wand of disintegration (10)
Scrolls
 g - a scroll of random uselessness {unknown}
 i - 2 scrolls of remove curse
 l - a scroll of teleportation {unknown}
 q - a scroll of identify {unknown}
 u - a scroll of immolation
 w - 2 scrolls of amnesia {unknown}
 y - a scroll of enchant armour {unknown}
 E - 2 scrolls of blinking {unknown}
 K - a scroll of magic mapping {unknown}
Potions
 f - 5 potions of lignification {unknown}
 h - a potion of ambrosia {unknown}
 m - a potion of haste {unknown}
 o - 5 potions of curing {unknown}
 p - a potion of degeneration {unknown}
 x - a potion of cancellation {unknown}
 z - a potion of invisibility {unknown}
 A - a potion of mutation {unknown}
 C - a potion of heal wounds {unknown}
 D - a potion of flight {unknown}
 I - 2 potions of might {unknown}
Books
 b - a book of Air

   Spells                             Type                      Level
   a - Shock                          Conjuration/Air              1
   b - Swiftness                      Charms/Air                   2
   c - Static Discharge               Conjuration/Air              3
   d - Airstrike                      Air                          4
   e - Lightning Bolt                 Conjuration/Air              5
Comestibles
 c - 8 bread rations
 s - 2 royal jellies
 B - 2 meat rations


   Skills:
 - Level 2.3(2.1) Fighting
 - Level 2.1(2.0) Dodging
 - Level 2.0(1.8) Stealth
 - Level 3.0(2.8) Spellcasting
 - Level 6.0(5.8) Conjurations
 + Level 11.4(11.1) Air Magic


You had 5 spell levels left.
You knew the following spells:

 Your Spells              Type           Power        Failure   Level  Hunger
a - Shock                 Conj/Air       ####         1%          1    None
b - Static Discharge      Conj/Air       ####....     1%          3    ###....
c - Airstrike             Air            #####.....   1%          4    ####...


Dungeon Overview and Level Annotations

Branches:
Dungeon (6/15)             Temple (1/1) D:5

Altars:
Ashenzari
Cheibriados
Dithmenos
Elyvilon
Fedhas
Gozag
Hepliaklqana
Kikubaaqudgha
Makhleb
Okawaru
Qazlal
Ru
Sif Muna
Trog
Uskayaw
Yredelemnul
The Shining One


Innate Abilities, Weirdness & Mutations

You have a beak for a mouth.
You have claws for feet.
You can fly.


Message History

Casting: Shock
Confirm with . or Enter, or press ? or * to list all spells.
Aiming: Shock
Press: ? - help, Shift-Dir - straight line, f/p - ogre
Aim: an ogre, wielding a giant spiked club (heavily wounded)
The zap hits the ogre.
The ogre is heavily wounded.
The zap hits the ogre.
The ogre is heavily wounded.
The ogre hits you with a giant spiked club!!
Ouch! That really hurt!
Casting: Shock
Confirm with . or Enter, or press ? or * to list all spells.
The ogre is struck by lightning.
The ogre is heavily wounded.
The lightning grounds out.
You are feeling very hungry.
The ogre hits you with a giant spiked club!!
Ouch! That really hurt!
You die...

#..##.#)###≈≈.≈≈##...
#..##.#.#(###'####...
#.###.....#.#.# #.# #<... ###
#.#........)#.###.####... ....
#.#.#.#..##.#)#..........
....##>............)..........
.......#.#.#..#........###....
............###....#.#.# #.###
...........OO@.....#.#.###..#
............###....#.#......##
.......#.#..# ######.######..#
...!...#....# #..........
.......###.... ..#######..
.%O.... #..... ..# ##. ######.
....(... #. .. ........ ## ##
.###..... #


You could see 2 ogres.

Vanquished Creatures
  An ogre (D:4)
  2 centaurs (D:5)
  2 bullfrogs
  5 wights (D:6)
  2 howler monkeys (D:4)
  3 electric eels (D:3)
  2 bullfrog zombies
  A crimson imp (D:2)
  2 hounds
  A bullfrog skeleton (D:5)
  An orc priest (D:3)
  2 orc wizards (D:4)
  3 worker ants (D:4)
  4 gnolls
  3 adders
  4 oozes
  6 worms
  3 dart slugs
  4 leopard geckos
  21 orcs
  2 ball pythons
  8 giant cockroaches
  9 goblins
  6 hobgoblins
  12 jackals
  A quokka (D:4)
  7 bats
  3 frilled lizards
  8 kobolds
  A leopard gecko skeleton (D:4)
  6 rats
135 creatures vanquished.

Vanquished Creatures (others)
  2 plants (D:3)
2 creatures vanquished.

Grand Total: 137 creatures vanquished

Notes
Turn   | Place    | Note
-------+----------+-------------------------------------------
     0 | D:1      | nono the Tengu Air Elementalist began the quest for the Orb.
     0 | D:1      | Reached XP level 1. HP: 10/10 MP: 4/4
     3 | D:1      | Noticed an electric eel
     3 | D:1      | Noticed an electric eel
   167 | D:1      | Reached XP level 2. HP: 5/15 MP: 0/6
   505 | D:1      | Reached XP level 3. HP: 17/19 MP: 0/7
   676 | D:1      | Reached skill level 5 in Air Magic
   847 | D:1      | Learned a level 3 spell: Static Discharge
  1055 | D:2      | Found a sacrificial altar of Ru.
  1069 | D:2      | Reached XP level 4. HP: 5/24 MP: 0/8
  1441 | D:2      | Gained mutation: You can fly. [Tengu growth]
  1441 | D:2      | Reached XP level 5. HP: 23/28 MP: 1/9
  1455 | D:2      | Found a stormy altar of Qazlal.
  1753 | D:2      | Reached skill level 6 in Air Magic
  1903 | D:3      | Found a faded altar of an unknown god.
  2259 | D:3      | Reached skill level 5 in Conjurations
  2339 | D:3      | Learned a level 4 spell: Airstrike
  2387 | D:3      | Found a transporter.
  2410 | D:3      | Reached XP level 6. HP: 24/32 MP: 10/10
  2586 | D:3      | Reached skill level 7 in Air Magic
  2796 | D:3      | Found a transporter.
  3305 | D:4      | Reached skill level 1 in Fighting
  3334 | D:4      | Reached XP level 7. HP: 19/38 MP: 0/11
  3853 | D:4      | Reached skill level 8 in Air Magic
  4261 | D:4      | Reached skill level 9 in Air Magic
  4455 | D:5      | Entered Level 5 of the Dungeon
  4717 | D:5      | Reached XP level 8. HP: 33/44 MP: 9/13
  4798 | D:5      | Found a staircase to the Ecumenical Temple.
  4805 | Temple   | Entered the Ecumenical Temple
  5079 | D:5      | Found an opulent altar of Gozag.
  5105 | D:5      | Reached skill level 10 in Air Magic
  6052 | D:6      | Reached skill level 11 in Air Magic
  6208 | D:6      | Found a deep blue altar of Sif Muna.
  6245 | D:6      | Mangled by an ogre

Vault maps used:
D:1:      arrival_aquarium_b
D:2:      nicolae_ru_sacrificial_ziggurat, overflow_temple_1_default,
          kennysheep_crisscross, minmay_splitting_lines
D:3:      gammafunk_steamed_eel, chequers_ecumenical_altar_lobes,
          solitary_fountain
D:4:      first_bread
D:5:      lemuel_round_altar, temple_green, nrook_mini_backslash
D:6:      cheibrodos_two_vegetables, lemuel_doored_altar, minitemple,
          led_sif_pool
Temple:   dshaligram_water_room_temple

Skill      XL: |  1  2  3  4  5  6  7  8 |
---------------+-------------------------+-----
Conjurations   | 2 4 5 6 |  6.0
Air Magic      | 5 6 7 9 11 | 11.4
Fighting       | 1 2 |  2.3
Spellcasting   | 3 |  3.0
Dodging        | |  2.1
Stealth        | |  2.0

Action                   |  1- 3 |  4- 6 |  7- 9 || total
-------------------------+-------+-------+-------++-------
Melee: Club              |     1 |       |       ||     1
       Dagger            |    24 |    55 |    26 ||   105
       Peck              |     3 |     5 |     5 ||    13
       Kick              |     1 |    17 |     5 ||    23
 Cast: Shock             |    63 |    71 |    68 ||   202
       Static Discharge  |     1 |     1 |    23 ||    25
 Abil: Fly               |       |     1 |       ||     1
Evoke: Wand              |     1 |     6 |     2 ||     9
  Use: Scroll            |       |       |     2 ||     2
 Stab: Sleeping          |     1 |     7 |     3 ||    11
       Paralysed         |     1 |     1 |     3 ||     5
  Eat: Chunk             |     1 |     9 |    10 ||    20
Armor: Robe              |    12 |     4 |     5 ||    21
Dodge: Dodged            |    35 |    35 |    33 ||   103

Table legend:
 A = Spawn XP
 B = Non-spawn XP
 C = Spawn XP percentage of total XP
 D = Spawn monster count
 E = Non-spawn monster count
 F = Spawn count percentage of total count
 G = Total turns spent on level
                    A         B        C        D         E        F      G
               +---------+---------+-------+---------+---------+-------+---------
         Total |       0 |    1920 |   0.0 |       0 |     135 |   0.0 |  6245
               +---------+---------+-------+---------+---------+-------+---------
           D:1 |       0 |      62 |   0.0 |       0 |      29 |   0.0 |   935
           D:2 |       0 |     122 |   0.0 |       0 |      16 |   0.0 |   911
           D:3 |       0 |     305 |   0.0 |       0 |      37 |   0.0 |  1347
           D:4 |       0 |     648 |   0.0 |       0 |      33 |   0.0 |  1262
           D:5 |       0 |     341 |   0.0 |       0 |      10 |   0.0 |  1296
           D:6 |       0 |     442 |   0.0 |       0 |      10 |   0.0 |   430
               +---------+---------+-------+---------+---------+-------+---------
